 Dungeon Crawl Stone Soup version 0.20.1-1-g8b1a95d66d (webtiles) character file.

104117 Birungi the Severer (level 15, -8/145 HPs)
             Began as a Minotaur Berserker on Nov 15, 2017.
             Was a High Priest of Trog.
             Collided with a deep troll (27 damage)
             ... caused by a merfolk aquamancer
             ... on level 3 of the Shoals on Nov 17, 2017.
             The game lasted 02:01:50 (20856 turns).

Birungi the Severer (Minotaur Berserker)           Turns: 20856, Time: 02:01:53

Health: -8/145     AC: 27    Str: 26    XL:     15   Next: 91%
Magic:  0/4        EV: 17    Int:  4    God:    Trog [*****.]
Gold:   1703       SH:  0    Dex: 14    Spells: 14/14 levels left

rFire    . . .     SeeInvis .   K - +6 hand axe (antimagic)
rCold    + + +     Gourm    .   (no shield)
rNeg     . . .     Faith    .   e - +4 chain mail
rPois    .         Spirit   +   (helmet restricted)
rElec    .         Reflect  .   j - +1 cloak
rCorr    +         Harm     .   d - +0 pair of gloves
MR       ++...                  R - +3 pair of boots of Eternal Night {+Inv Regen+ rCorr}
Stlth    ..........             Y - amulet of Activism {Spirit rC+++}
Regen    0.8/turn               l - ring of protection from magic
MPRegen  0.1/turn               Q - +3 ring of evasion

@: berserk cooldown, slowed, very slow
A: retaliatory headbutt, horns 2, agile 1, wild magic 1
a: Berserk, Trog's Hand, Brothers in Arms, Burn Spellbooks, Renounce Religion,
Evoke Invisibility


You were on level 3 of the Shoals.
You worshipped Trog.
Trog was extremely pleased with you.
You were near starving.

You visited 4 branches of the dungeon, and saw 24 of its levels.
You also visited: Ossuary.

You collected 1703 gold pieces.

Inventory:

Hand Weapons
 I - a +2 executioner's axe of electrocution
 K - a +6 antimagic hand axe (weapon)
 Z - the +8 hand axe of Qyummayth {venom, rF+ Int+2 Dex+2}
   (You found it on level 10 of the Dungeon)

   It poisons the flesh of those it strikes.
   It affects your intelligence (+2).
   It affects your dexterity (+2).
   It protects you from fire.
Armour
 d - a +0 pair of gloves (worn)
 e - a +4 chain mail (worn)
 j - a +1 cloak (worn)
 R - the +3 pair of boots of Eternal Night (worn) {+Inv Regen+ rCorr}
   (You found it on level 9 of the Dungeon)

   It lets you turn invisible.
   It increases your rate of regeneration.
   It protects you from acid and corrosion.
Jewellery
 h - a +3 ring of dexterity
 l - a ring of protection from magic (left hand)
 Q - a +3 ring of evasion (right hand)
 Y - the amulet of Activism (around neck) {Spirit rC+++}
   (You found it on level 9 of the Dungeon)

   [amulet of guardian spirit]

   It causes incoming damage to be split between your health and magic.
   It renders you almost immune to cold.
Wands
 f - a wand of paralysis (14/24)
 w - a wand of digging (13/24)
 A - a wand of lightning (7/15)
 B - a wand of iceblast (0/15)
 E - a wand of paralysis (11/24)
 M - a wand of disintegration (18/24)
 S - a wand of confusion (36/48)
Scrolls
 b - 4 scrolls of remove curse
 k - 6 scrolls of recharging
 m - a scroll of fear {unknown}
 q - 4 scrolls of enchant armour
 u - 5 scrolls of identify
 y - 2 scrolls of enchant weapon
 z - a scroll of teleportation
 F - 2 scrolls of immolation
 G - 2 scrolls of blinking
 O - 6 scrolls of fog
 V - a scroll of acquirement {unknown}
 W - a scroll of summoning {unknown}
Potions
 i - a potion of invisibility
 n - 5 potions of curing
 r - 2 potions of magic
 t - a potion of resistance
 v - 3 potions of flight
 x - 5 potions of haste
 C - 3 potions of agility
 P - 2 potions of brilliance
Miscellaneous
 D - a phantom mirror
 L - a lightning rod (4/4)
 U - a lamp of fire
 X - a phial of floods
Comestibles
 a - 3 chunks of flesh
 c - 12 bread rations
 o - 4 royal jellies
 s - 15 fruits


   Skills:
 + Level 16.6 Fighting
 * Level 20.8 Axes
 + Level 16.7 Armour
 - Level 9.1 Dodging


You had 14 spell levels left.
You didn't know any spells.

Dungeon Overview and Level Annotations

Branches:
Dungeon (14/15)            Temple (1/1) D:7            Lair (6/6) D:10
 Shoals (3/4) Lair:3       Spider (0/4) Lair:3        Slime (0/5) Lair:5
    Orc (0/2) D:11         Vaults (0/5) D:14

Altars:
Ashenzari
Cheibriados
Dithmenos
Elyvilon
Fedhas
Gozag
Hepliaklqana
Kikubaaqudgha
Makhleb
Nemelex Xobeh
Okawaru
Qazlal
Ru
Sif Muna
Trog
Uskayaw
Vehumet
Xom
Yredelemnul
Zin
The Shining One
Beogh

Portals:
Volcano: Lair:2

Annotations:
Lair:1 exclusion: oklob plant


Innate Abilities, Weirdness & Mutations

You reflexively headbutt those who attack you in melee.
You have a pair of horns on your head.
You are agile. (Dex +2)
Your spells are a little harder to cast, but a little more powerful.


Message History

Trog accepts your kill.
A merfolk aquamancer comes into view. It is wielding a rapier.
The merfolk aquamancer shouts!
You slash the water nymph!
The water nymph's magic leaks into the air.
The water nymph is lightly wounded.
The water nymph barely misses you.
Your unstable footing causes you to fumble your attack.
Your deep troll barely misses the water nymph.
Your deep troll claws the water nymph!!
Your deep troll claws the water nymph.
The water nymph touches you!
* * * LOW HITPOINT WARNING * * *
The water nymph drowns you!
* * * LOW HITPOINT WARNING * * *
The merfolk aquamancer casts a spell at you.
The torrent of water hits you!
* * * LOW HITPOINT WARNING * * *
You are knocked back by the torrent of water.
You collide with your deep troll!
You die...

≈≈≈≈≈,,,,,≈≈≈≈≈≈≈P≈≈≈≈≈≈≈≈≈≈≈≈≈≈≈
≈≈≈,,,,≈,,*#mP≈PPPPP≈≈≈≈≈≈≈≈≈≈≈≈≈
≈≈≈≈≈≈≈≈.###.≈≈≈≈PP≈≈≈≈≈≈≈≈≈≈≈≈≈≈
≈≈≈≈≈≈≈≈.........≈≈P≈≈≈≈≈≈≈≈≈≈≈≈≈
≈≈≈,≈≈,≈≈≈...##)P≈≈≈≈≈≈≈≈≈≈≈≈≈≈..
≈≈≈≈≈≈,≈≈≈≈.###...≈≈≈≈≈≈≈≈≈≈≈≈≈..
≈≈≈≈≈,,≈≈≈≈≈.#...?≈P≈≈≈≈≈≈≈≈≈≈.##
≈≈≈≈≈,,≈≈≈≈≈≈≈≈T≈≈≈≈≈≈≈≈≈≈≈)..##
≈≈≈≈≈,,≈≈≈≈≈≈≈)m@≈≈≈≈≈≈≈≈≈≈..##
≈≈,,,,,≈≈≈≈≈≈≈≈)≈≈≈≈≈m≈≈≈≈≈.##
≈,,,,,,.≈≈≈≈≈≈≈≈≈≈≈≈≈≈≈≈≈≈≈..###
≈,,****.≈≈≈≈≈≈≈≈≈≈≈≈≈≈≈≈≈≈≈.≈..##
≈,,* *[≈≈≈≈≈≈≈≈≈≈≈≈≈≈≈≈≈≈≈≈.÷..#
≈,,* *#.≈≈≈≈≈≈≈≈≈≈≈≈≈≈≈≈≈≈≈≈≈...
≈,,* #.≈≈≈≈≈≈≈≈≈≈≈≈≈≈≈≈≈≈≈≈..≈≈
≈≈,** **.≈≈≈≈≈≈≈))≈≈≈≈≈≈≈≈≈≈≈....
≈≈,,***,≈≈≈≈≈≈≈≈≈)≈≈..≈≈≈≈≈≈≈....


You could see a merfolk aquamancer, a water nymph and a friendly deep troll
(berserk).

Vanquished Creatures
  Jorgrun (Shoals:2)
  Snorg (Lair:5)
  A merfolk javelineer (Shoals:3)
  3 merfolk impalers (Shoals:3)
  A vault guard (D:14)
  Erolcha (D:13)
  A hydra (Lair:3)
  2 catoblepae (Lair:6)
  A merfolk aquamancer (Shoals:1)
  2 merfolk avatars
  An alligator snapping turtle (Shoals:2)
  A centaur warrior (D:14)
  A deep troll shaman (Lair:6)
  4 two-headed ogres
  5 death yaks (Lair:6)
  3 tengu warriors
  The ghost of monokles the Sneak, a novice DsAs of Makhleb (D:7)
  2 sea snakes
  2 unseen horrors
  An orc knight (D:13)
  A wolf spider zombie (D:14)
  The ghost of Jerry the Spear-Bearer, a novice MfFi of Yredelemnul (D:6)
  10 harpies
  8 fauns (Shoals:2)
  7 manticores
  An orc sorcerer (D:13)
  10 ugly things
  5 cyclopes
  A vault sentinel (D:14)
  4 merfolk sirens
  5 elephants
  A torpor snail (Lair:6)
  A gargoyle (D:11)
  2 water nymphs (Shoals:3)
  4 black mambas
  2 kobold demonologists
  8 komodo dragons
  4 spiny frogs
  11 rime drakes
  5 yaktaurs (D:13)
  19 merfolk
  3 trolls
  A wind drake (Shoals:1)
  A polar bear (Lair:6)
  12 slime creatures
  8 hippogriffs
  19 dream sheep
  8 blink frogs
  3 snapping turtles
  A hippogriff (shapeshifter) (D:14)
  Sigmund (D:2)
  2 wraiths
  35 yaks
  5 wyverns
  A tarantella (shapeshifter) (D:14)
  6 water elementals
  5 basilisks
  A hungry ghost (D:9)
  7 steam dragons (Lair:6)
  A vampire mosquito (D:14)
  Menkaure (Ossuary)
  A warg (D:11)
  A soldier ant (D:11)
  5 ice beasts
  5 sky beasts
  2 hell hounds (Lair:2)
  5 porcupines
  11 water moccasins
  14 orc warriors
  A black bear (D:9)
  12 ogres
  2 phantoms
  19 wolves
  A hornet zombie (D:9)
  A necrophage (D:11)
  7 centaurs
  10 crocodiles
  An elf zombie (Ossuary)
  2 big kobolds
  12 bullfrogs
  A water moccasin zombie (D:10)
  5 scorpions
  5 killer bees (D:11)
  6 wights
  2 electric eels (D:11)
  9 howler monkeys
  4 centaur zombies
  2 crimson imps
  2 quasits
  11 hounds
  2 human zombies (Ossuary)
  6 orc priests
  6 centaur skeletons
  A gnoll shaman (D:7)
  5 jellies
  3 bullfrog skeletons
  6 iguanas
  Ijyb (D:4)
  19 orc wizards
  6 worker ants
  2 killer bee zombies
  A big kobold zombie (Ossuary)
  3 ogre zombies (Ossuary)
  A hound skeleton (D:5)
  6 mummies (Ossuary)
  A worker ant zombie (D:6)
  12 adders
  9 gnolls
  4 shadow imps
  6 adder zombies
  3 worms
  3 dart slugs
  4 leopard geckos
  78 orcs
  4 giant cockroaches
  8 goblins
  8 hobgoblins
  4 jackals (D:5)
  3 quokkas
  3 ball pythons
  A ball python skeleton (D:4)
  4 bats
  8 frilled lizards
  2 goblin zombies (Ossuary)
  2 hobgoblin zombies (Ossuary)
  17 kobolds
  2 kobold zombies (Ossuary)
  A leopard gecko zombie (D:7)
  4 quokka zombies (Ossuary)
  5 rats
  6 rat zombies (Ossuary)
  A bush (Lair:4)
  A fungus (Lair:6)
  4 plants
701 creatures vanquished.

Vanquished Creatures (collateral kills)
  Rupert (D:14)
  Aizul (Shoals:2)
  Josephine (D:10)
  5 hydras
  3 merfolk avatars
  An alligator snapping turtle (Shoals:3)
  An orc high priest (D:13)
  A deep elf archer (D:14)
  2 harpies (Shoals:3)
  2 fauns (Shoals:3)
  An ugly thing (D:12)
  A manticore (D:14)
  3 elephants (Lair:1)
  2 merfolk sirens (Shoals:3)
  A torpor snail (Lair:6)
  2 water nymphs (Shoals:1)
  A komodo dragon (Lair:6)
  A polar bear (Lair:6)
  A hornet (D:14)
  A hippogriff (D:14)
  A dream sheep (Lair:6)
  A snapping turtle (Shoals:1)
  A water elemental (Shoals:3)
  2 wraiths (D:10)
  A steam dragon (Lair:6)
  2 vampire mosquitoes (D:12)
  A black bear (Lair:6)
  An orc wizard (D:12)
  An adder (D:6)
  2 orcs (D:13)
45 creatures vanquished.

Vanquished Creatures (others)
  A lindwurm (Lair:6)
  4 plants
5 creatures vanquished.

Grand Total: 751 creatures vanquished

Notes
Turn   | Place    | Note
-------+----------+-------------------------------------------
     0 | D:1      | Birungi the Minotaur Berserker began the quest for the Orb.
     0 | D:1      | Reached XP level 1. HP: 19/19 MP: 0/0
   241 | D:1      | Reached XP level 2. HP: 27/27 MP: 1/1
   427 | D:2      | Reached skill level 4 in Axes
   536 | D:2      | Reached XP level 3. HP: 33/33 MP: 2/2
   736 | D:2      | Reached ** piety under Trog
   763 | D:2      | Reached XP level 4. HP: 11/40 MP: 3/3
  1063 | D:2      | Reached skill level 5 in Axes
  1163 | D:2      | Noticed Sigmund
  1175 | D:2      | Killed Sigmund
  1175 | D:2      | Reached skill level 5 in Fighting
  1175 | D:2      | Reached skill level 6 in Axes
  1175 | D:2      | Reached XP level 5. HP: 48/48 MP: 4/4
  1254 | D:3      | Found a faded altar of an unknown god.
  1289 | D:3      | Reached XP level 6. HP: 54/56 MP: 5/5
  1550 | D:3      | Found a sparkling altar of Nemelex Xobeh.
  1635 | D:3      | Found a deep blue altar of Sif Muna.
  1810 | D:2      | Reached *** piety under Trog
  1919 | D:4      | Found a sand-covered staircase.
  1932 | Ossuary  | Entered an ossuary
  1971 | Ossuary  | Reached skill level 5 in Armour
  2046 | Ossuary  | Reached skill level 7 in Axes
  2056 | Ossuary  | Reached XP level 7. HP: 46/61 MP: 6/6
  2239 | Ossuary  | Noticed Menkaure
  2245 | Ossuary  | Killed Menkaure
  2245 | Ossuary  | Reached skill level 8 in Axes
  2309 | Ossuary  | Reached **** piety under Trog
  2309 | Ossuary  | Received a gift from Trog
  2415 | D:4      | Noticed Ijyb
  2422 | D:4      | Killed Ijyb
  2828 | D:5      | Entered Level 5 of the Dungeon
  2853 | D:5      | Reached XP level 8. HP: 66/71 MP: 7/7
  3632 | D:6      | Reached skill level 9 in Axes
  3937 | D:6      | Noticed Jerry's ghost (novice MfFi)
  3945 | D:6      | Killed Jerry's ghost
  3945 | D:6      | Reached skill level 10 in Axes
  4199 | D:6      | Found a basalt altar of Yredelemnul.
  4199 | D:6      | Found an opulent altar of Gozag.
  4347 | D:6      | Reached XP level 9. HP: 81/81 MP: 8/8
  4733 | D:7      | Noticed monokles's ghost (novice DsAs)
  4746 | D:7      | Killed monokles's ghost
  4746 | D:7      | Reached skill level 11 in Axes
  5165 | D:7      | Found a staircase to the Ecumenical Temple.
  5565 | D:7      | Reached skill level 12 in Axes
  5755 | D:7      | Reached ***** piety under Trog
  5880 | Temple   | Entered the Ecumenical Temple
  6239 | D:8      | Noticed a two-headed ogre
  6241 | D:8      | Killed a two-headed ogre
  6241 | D:8      | Reached XP level 10. HP: 89/91 MP: 9/9
  6616 | D:9      | Reached skill level 13 in Axes
  6824 | D:9      | Reached skill level 10 in Fighting
  6866 | D:9      | Reached skill level 10 in Armour
  7635 | D:9      | Got a pair of ancient boots
  7641 | D:9      | Identified the +3 pair of boots of Eternal Night {+Inv Regen+ rCorr} (You found it on level 9 of the Dungeon)
  7769 | D:9      | Got a brightly glowing crystal amulet
  7820 | D:10     | Entered Level 10 of the Dungeon
  7904 | D:10     | Noticed Josephine
  7915 | D:10     | Killed Josephine
  7915 | D:10     | Reached skill level 14 in Axes
  7955 | D:10     | Found a staircase to the Lair.
  8010 | D:10     | Reached XP level 11. HP: 101/101 MP: 10/10
  8195 | D:10     | Noticed a two-headed ogre
  8198 | D:10     | Killed a two-headed ogre
  8204 | D:10     | Found a snail-covered altar of Cheibriados.
  8250 | D:10     | Got a fine hand axe
  8251 | D:10     | Identified the +8 hand axe of Qyummayth {venom, rF+ Int+2 Dex+2} (You found it on level 10 of the Dungeon)
  8374 | D:10     | Noticed a tengu warrior
  8382 | D:10     | Killed a tengu warrior
  8933 | D:11     | Gained mutation: You are agile. (Dex +2) [potion of mutation]
  8933 | D:11     | Gained mutation: Your spells are a little harder to cast, but a little more powerful. [potion of mutation]
  8940 | D:11     | Identified the amulet of Activism {Spirit rC+++} (You found it on level 9 of the Dungeon)
  9072 | D:11     | Reached skill level 15 in Axes
  9171 | D:11     | Noticed a green ugly thing
  9184 | D:11     | Killed a green ugly thing
  9274 | D:11     | Reached ****** piety under Trog
  9274 | D:11     | Killed an unseen horror
  9295 | D:11     | Noticed a two-headed ogre
  9305 | D:11     | Killed a two-headed ogre
  9344 | D:11     | Noticed a cyan ugly thing
  9358 | D:11     | Killed a cyan ugly thing
  9380 | D:11     | Found an opulent altar of Gozag.
  9459 | D:11     | Received a gift from Trog
  9498 | D:11     | Got an iridescent morningstar
  9501 | D:11     | Identified the cursed +1 morningstar of Bobut {elec, rPois rN+ Str+2 Int+2} (You found it on level 11 of the Dungeon)
  9524 | D:11     | Found a staircase to the Orcish Mines.
  9984 | D:12     | Noticed a red ugly thing
  9984 | D:12     | Noticed a purple ugly thing
  9985 | D:12     | Noticed a brown ugly thing
  9992 | D:12     | Reached skill level 16 in Axes
  9992 | D:12     | Reached XP level 12. HP: 112/112 MP: 9/11
 10830 | D:13     | Received a gift from Trog
 10830 | D:13     | Reached skill level 17 in Axes
 10931 | D:13     | Noticed a tengu warrior
 10945 | D:13     | Killed a tengu warrior
 10964 | D:13     | You fall through a shaft!
 11435 | D:14     | Noticed a five-headed hydra
 11443 | D:14     | Killed a five-headed hydra
 11443 | D:14     | Reached XP level 13. HP: 102/122 MP: 10/12
 11501 | D:14     | Found a gate to the Vaults.
 11517 | D:14     | Reached skill level 18 in Axes
 11844 | D:14     | Noticed Rupert
 11853 | D:14     | Killed Rupert
 12430 | D:13     | Found a runed door.
 12780 | D:13     | Noticed Erolcha
 12801 | D:13     | Killed Erolcha
 12959 | D:13     | Received a gift from Trog
 13136 | D:13     | Received a gift from Trog
 13155 | D:13     | Found a roughly hewn altar of Beogh.
 13305 | Lair:1   | Entered Level 1 of the Lair of Beasts
 14057 | Lair:2   | Found a dark tunnel.
 14093 | Lair:2   | Reached skill level 5 in Dodging
 14244 | Lair:2   | Reached XP level 14. HP: 133/133 MP: 13/13
 14738 | Lair:3   | Found a staircase to the Shoals.
 15063 | Lair:3   | Found a hole to the Spider Nest.
 15396 | Lair:4   | Received a gift from Trog
 16437 | Lair:5   | Reached skill level 15 in Armour
 16537 | Lair:5   | Reached skill level 15 in Fighting
 16594 | Lair:5   | Found a staircase to the Slime Pits.
 16617 | Lair:5   | Noticed Snorg
 16631 | Lair:5   | Killed Snorg
 17174 | Lair:6   | Entered Level 6 of the Lair of Beasts
 17180 | Lair:6   | Found a shimmering altar of Xom.
 17359 | Lair:6   | Received a gift from Trog
 17550 | Lair:6   | Reached skill level 19 in Axes
 17926 | Lair:6   | Reached XP level 15. HP: 115/143 MP: 14/14
 18517 | Shoals:1 | Entered Level 1 of the Shoals
 18920 | Shoals:2 | You fall through a shaft!
 19128 | Shoals:3 | Reached skill level 20 in Axes
 19546 | Shoals:2 | Noticed Aizul
 19577 | Shoals:2 | Killed Aizul
 19835 | Shoals:2 | Received a gift from Trog
 20030 | Shoals:2 | Noticed Jorgrun
 20049 | Shoals:2 | Killed Jorgrun
 20060 | Shoals:2 | Got a pitted graven amulet
 20062 | Shoals:2 | Identified the amulet of Atyvoisi {Gourm Int+6} (You found it on level 2 of the Shoals)
 20809 | Shoals:3 | Received a gift from Trog
 20856 | Shoals:3 | Collided with a deep troll

Skill      XL: |  1  2  3  4  5  6  7  8  9 10 11 12 13 14 15 |
---------------+----------------------------------------------+-----
Armour         | 3 4 5 6 7 9 10 11 13 14 15 16 | 16.7
Axes           | 4 6 7 8 10 12 14 16 17 18 19 20 | 20.8
Fighting       | 4 5 6 7 9 10 12 13 14 15 16 | 16.6
Dodging        | 5 9 |  9.1

Action                   |  1- 3 |  4- 6 |  7- 9 | 10-12 | 13-15 || total
-------------------------+-------+-------+-------+-------+-------++-------
Melee: Hand axe          |    61 |   126 |   143 |   389 |   902 ||  1621
       Headbutt          |     8 |    18 |    61 |   117 |   307 ||   511
       Battleaxe         |       |       |   123 |   164 |       ||   287
       Executioner's axe |       |       |       |       |   224 ||   224
Invok: Berserk           |     1 |     2 |     6 |     7 |    12 ||    28
       Brothers in Arms  |       |       |     1 |     4 |    13 ||    18
       Burn Spellbooks   |       |       |     2 |     2 |     2 ||     6
Evoke: Wand              |       |       |       |     2 |     8 ||    10
  Use: Scroll            |       |       |       |    18 |    16 ||    34
       Potion            |       |       |       |    10 |    22 ||    32
 Stab: Distracted        |       |       |     1 |       |     3 ||     4
       Petrified         |       |       |       |       |     5 ||     5
       Petrifying        |       |       |       |       |     1 ||     1
  Eat: Chunk             |       |     6 |    10 |    26 |    29 ||    71
       Bread ration      |       |       |     2 |       |     3 ||     5
       Meat ration       |       |       |       |       |     1 ||     1
Armor: Chain mail        |    40 |    70 |    61 |       |   550 ||   721
       Plate armour      |       |       |    83 |   302 |    40 ||   425
Dodge: Dodged            |    29 |    58 |    94 |   180 |   745 ||  1106
